 Dungeon Crawl Stone Soup version 0.30-a0-719-gcc4359ea44 (webtiles) character file.

Game seed: 9907191645770599806

164 Mitcholas the Shooter (level 5, -1/41 HPs)
             Began as a Draconian Hunter on Jan 26, 2023.
             Killed from afar by an orc wizard (7 damage)
             ... with a magic dart
             ... on level 3 of the Dungeon.
             The game lasted 00:02:52 (1658 turns).

Mitcholas the Shooter (Draconian Hunter)            Turns: 1658, Time: 00:02:52

Health: -1/41      AC:  6    Str: 13    XL:     5   Next: 21%
Magic:  5/5        EV: 12    Int:  9    God:
Gold:   95         SH:  0    Dex: 17    Spells: 4/4 levels left

rFire   . . .      SeeInvis .    a - +0 shortbow
rCold   . . .      Faith    .    (shield currently unavailable)
rNeg    . . .      Spirit   .    (body armour unavailable)
rPois   .          Reflect  .    (helmet restricted)
rElec   .          Harm     .    j - +0 cloak
rCorr   .          Rampage  .    (no gloves)
Will    .....                    (no boots)
Stlth   +                        (no amulet)
HPRegen 0.26/turn                (no ring)
MPRegen 0.09/turn                (no ring)

@: confused
A: AC +5, unfitting armour, cold-blooded
a: no special abilities


You were on level 3 of the Dungeon.
You visited 1 branch of the dungeon, and saw 3 of its levels.

You collected 95 gold pieces.

Inventory:

Hand Weapons
 a - a +0 shortbow (weapon)
Missiles
 f - 3 atropa-tipped darts
Armour
 j - a +0 cloak (worn)
Jewellery
 n - a +4 ring of slaying
Scrolls
 b - a scroll of immolation
 d - 3 scrolls of teleportation {unknown}
 e - a scroll of fog {unknown}
 h - a scroll of identify {unknown}
 k - 3 scrolls of fear {unknown}
 p - a scroll of amnesia {unknown}
 q - a scroll of torment {unknown}
Potions
 c - a potion of lignification {unknown}
 g - a potion of cancellation {unknown}
 i - 2 potions of heal wounds {unknown}
 l - a potion of degeneration {unknown}
 m - a potion of flight {unknown}
 o - 2 potions of curing {unknown}


   Skills:
 - Level 2.1 Fighting
 * Level 6.0 Ranged Weapons
 - Level 1.7 Dodging
 - Level 0.8 Stealth


You had 4 spell levels left.
You didn't know any spells.
Your spell library was empty.

Dungeon Overview and Level Annotations

Branches:
Dungeon (3/15)

Altars:


Innate Abilities, Weirdness & Mutations

Your plain brown scales are hard. (AC +5)
You cannot fit into any form of body armour.
You are cold-blooded and may be slowed by cold attacks.


Message History

You kill the orc priest!
The orc wizard hits you but does no damage.
Your Ranged Weapons skill increases to level 6!
You have reached level 5!
You shoot an arrow.
The arrow closely misses the orc wizard.
The orc wizard barely misses you. The orc closely misses you.
You shoot an arrow. The arrow hits the orc wizard.
The orc wizard is moderately wounded.
The orc wizard hits you with a +0 dagger.
The orc hits you with a +0 club.
* * * LOW HITPOINT WARNING * * *
The orc wizard barely misses you. The orc closely misses you.
You shoot an arrow. The arrow hits the orc wizard.
The orc wizard is heavily wounded.
The orc wizard hits you but does no damage.
The orc barely misses you.
You shoot an arrow.
The arrow hits the orc wizard but does no damage.
The orc wizard is heavily wounded.
The orc wizard barely misses you. The orc closely misses you.
You shoot an arrow. The arrow misses the orc wizard.
The orc wizard casts a spell at you. You resist with some effort.
The orc hits you with a +0 club.
* * * LOW HITPOINT WARNING * * *
You shoot an arrow.
The arrow closely misses the orc wizard.
The orc wizard casts a spell at you.
You are confused.
The orc hits you but does no damage.
You miss the orc wizard.
The orc wizard is heavily wounded.
The orc wizard hits you with a +0 dagger.
* * * LOW HITPOINT WARNING * * *
The orc barely misses you.
The orc wizard hits you but does no damage.
The orc closely misses you.
The orc wizard points at you and mumbles some strange words.
The magic dart hits you!
You die...

#.####..#.#.# #........#
#.........<.#####........#
##........#.....#<.......######
#.......).....................
#.###....##.######.#.#########
#. #................#######.. #
#.#.[.....................
#..#.###..................#
#.##.# ###@.##.#........... ..
..# ##.##...........## #. ##
#oo#...........#
###.....#.......#
#...###.........#
#####.##............#
##..o..........)....###
#..........#####.......
#.o#...#########..#....


You could see an orc wizard and an orc.

Vanquished Creatures
  An orc priest (D:3)
  2 orc wizards (D:3)
  A worm (D:2)
  5 dart slugs
  4 orcs (D:3)
  4 ball pythons
  4 endoplasms (D:2)
  3 giant cockroaches
  4 goblins
  6 hobgoblins
  8 jackals (D:1)
  2 quokkas (D:2)
  9 bats
  3 frilled lizards
  7 kobolds
  2 rats
65 creatures vanquished.

Notes
Turn   | Place    | Note
-------+----------+-------------------------------------------
     0 | D:1      | Mitcholas the Draconian Hunter began the quest for the Orb.
     0 | D:1      | Reached XP level 1. HP: 17/17 MP: 1/1
    35 | D:1      | Reached skill level 4 in Ranged Weapons
    37 | D:1      | Reached XP level 2. HP: 18/24 MP: 2/2
   457 | D:1      | Reached XP level 3. HP: 29/29 MP: 3/3
   881 | D:2      | Reached skill level 5 in Ranged Weapons
  1108 | D:2      | Reached XP level 4. HP: 36/36 MP: 4/4
  1651 | D:3      | Reached skill level 6 in Ranged Weapons
  1651 | D:3      | Reached XP level 5. HP: 17/41 MP: 5/5
  1658 | D:3      | Killed from afar by an orc wizard

Illustrated notes

Levels and vault maps discovered:
D:1:      co_arrival_random_square_maze, layout_rooms, grunt_decor_mini_mirrors
D:2:      layout_loops_ring
D:3:      layout_rooms, biasface_ghost_orc_armoury

Skill      XL: |  1  2  3  4 |
---------------+-------------+-----
Ranged Weapons | 4 5 6 |  6.0
Fighting       | |  2.1
Dodging        | |  1.7
Stealth        | |  0.8

Action                     |  1- 3 |  4- 6 || total
---------------------------+-------+-------++-------
  Melee: Shortbow          |       |     1 ||     1
   Fire: Shortbow          |   147 |    57 ||   204
 Armour: Skin              |    50 |     9 ||    59
  Dodge: Dodged            |   102 |    26 ||   128

Table legend: (Time is in decaauts)
 A = Elapsed time spent in this place.
 B = Non-inter-level travel time spent in this place.
 C = Inter-level travel time spent in this place.
 D = Time resting spent in this place.
 E = Time spent auto-exploring this place.
 F = Levels seen in this place.
 G = Mean time per level.
                   A        B        C        D        E       F      G
               +--------+--------+--------+--------+--------+-----+--------+
         Total |   1711 |   1672 |     39 |     71 |   1226 |   3 |  570.3 |
       Dungeon |   1711 |   1672 |     39 |     71 |   1226 |   3 |  570.3 |
               +--------+--------+--------+--------+--------+-----+--------+

Top non-repeatable levels by time:
     D:1: 725 daAuts
     D:2: 602 daAuts
     D:3: 383 daAuts
